IL
LOUISVILLE BATS @ GWINNETT BRAVES
07/28/2099
 
TOP OF THE 1ST
Louisville Bats batting - Pitching for Gwinnett Braves : RHP Bill Massey
Pitching: RHP Bill Massey
Batting: LHB Edwin Longoria 0-0: Called Strike
0-1: Ground out 4-3 (Groundball, 4S, EV 77.5 MPH)
Batting: RHB Rich Bruce 0-0: Foul Ball, location: 9LDF
0-1: Ball
1-1: SINGLE (Line Drive, 6M, EV 101.3 MPH)
Batting: RHB Gerardo Machado 0-0: Called Strike
0-1: Called Strike
0-2: Fly out, F8 (Flyball, 8LD, EV 86.9 MPH)
Batting: RHB Josh Simms 0-0: Called Strike
0-1: Called Strike
0-2: Ball
1-2: DOUBLE (Line Drive, 89XD, EV 108.1 MPH)
Rich Bruce to third
Runner from 3rd tries for Home, SAFE, throw by CF to home
Batting: RHB Ed Pride 0-0: Fly out, F7 (Flyball, 7LS, EV 85.6 MPH)
Top of the 1st over - 1 run, 2 hits, 0 errors, 1 left on base; Louisville 1 - Gwinnett 0
BOTTOM OF THE 1ST
Gwinnett Braves batting - Pitching for Louisville Bats : RHP Jose Salazar
Pitching: RHP Jose Salazar
Batting: LHB Rob Swope 0-0: Called Strike
0-1: Ball
1-1: SINGLE (Flyball, 8RS, EV 90.6 MPH) - OUT at second base trying to stretch hit.
Batting: RHB Arthur Dennis 0-0: Ball
1-0: Ball
2-0: Ground out 1-3 (Groundball, 15S, EV 71.3 MPH)
Batting: LHB Casey Faler 0-0: Ball
1-0: Ball
2-0: Called Strike
2-1: Called Strike
2-2: Ball
3-2: Base on Balls
Batting: LHB Josh Burrowes 0-0: Fly out, F6 (Popup, 6, EV 81.3 MPH)
Bottom of the 1st over - 0 runs, 1 hit, 0 errors, 1 left on base; Louisville 1 - Gwinnett 0
TOP OF THE 2ND
Louisville Bats batting - Pitching for Gwinnett Braves : RHP Bill Massey
Batting: LHB Nelson Valencia 0-0: Called Strike
0-1: Foul Ball, location: 7LSF
0-2: Ball
1-2: Ball
2-2: Ball
3-2: Ground out 4-3 (Groundball, 4S, EV 88.1 MPH)
Batting: LHB John Small 0-0: Ball
1-0: Ball
2-0: SINGLE (Groundball, 6MD, EV 99.4 MPH)
Batting: RHB Archie Woodford 0-0: Called Strike
0-1: Ball
1-1: Ball
2-1: Swinging Strike
2-2: Ball
3-2: Strikes out swinging
Batting: RHB Preston Phillips 0-0: Ball
1-0: Ball
2-0: Called Strike
2-1: Fielders Choice at 2nd, 6-4 (Groundball, 6, EV 86.9 MPH)
Top of the 2nd over - 0 runs, 1 hit, 0 errors, 1 left on base; Louisville 1 - Gwinnett 0
BOTTOM OF THE 2ND
Gwinnett Braves batting - Pitching for Louisville Bats : RHP Jose Salazar
Batting: RHB Jorge Figueira 0-0: Called Strike
0-1: TRIPLE (Line Drive, 8RXD, EV 107.5 MPH)
Batting: RHB Lenny Murdoch 0-0: Ball
1-0: Swinging Strike
1-1: Fly out, F9 (Flyball, 9LM, EV 82.5 MPH)
Runner from 3rd tags up, SCORES, throw by RF
Batting: RHB Tim Grabowski 0-0: Ball
1-0: Called Strike
1-1: SINGLE (Groundball, 4MD, EV 106.3 MPH)
Batting: RHB Dave Foley 0-0: Grounds into double play, 3-6-3 (Groundball, 34, EV 88.8 MPH)
Bottom of the 2nd over - 1 run, 2 hits, 0 errors, 0 left on base; Louisville 1 - Gwinnett 1
TOP OF THE 3RD
Louisville Bats batting - Pitching for Gwinnett Braves : RHP Bill Massey
Batting: LHB Edwin Longoria 0-0: SINGLE (Groundball, 23, EV 88.8 MPH) (infield hit)
Batting: RHB Rich Bruce 0-0: Ball
Edwin Longoria steals 2nd base
1-0: Ground out 5-3 (Groundball, 56D, EV 94.4 MPH)
Batting: RHB Gerardo Machado 0-0: Ball
1-0: Called Strike
Edwin Longoria steals 3rd base
1-1: 2-RUN HOME RUN (Flyball, 7D, EV 105.6 MPH), Distance : 409 ft
Batting: RHB Josh Simms 0-0: Ball
1-0: Ball
2-0: SINGLE (Groundball, 34D, EV 97.5 MPH)
Batting: RHB Ed Pride 0-0: Ball
1-0: Called Strike
1-1: Ball
2-1: SINGLE (Line Drive, 78S, EV 98.8 MPH)
Josh Simms to second
Batting: LHB Nelson Valencia 0-0: Swinging Strike
0-1: Swinging Strike
0-2: Ball
1-2: Foul Ball, location: 7LDF
1-2: Ball
2-2: Strikes out looking
Batting: LHB John Small 0-0: Called Strike
0-1: Foul Ball, location: 7LMF
0-2: Ball
1-2: SINGLE (Flyball, 78S, EV 95.0 MPH)
Josh Simms to third
Ed Pride to second
Runner from 3rd tries for Home, SAFE, throw by LF to home
Batting: RHB Archie Woodford 0-0: Called Strike
0-1: Ball
1-1: SINGLE (Groundball, 4MD, EV 105.6 MPH)
Ed Pride to third
John Small to second
Batting: RHB Preston Phillips 0-0: Ball
1-0: Called Strike
1-1: Called Strike
1-2: Ball
2-2: Foul Ball, location: 2F
2-2: Fielders Choice at 2nd, 6-4 (Groundball, 6, EV 80.0 MPH)
Top of the 3rd over - 3 runs, 6 hits, 0 errors, 3 left on base; Louisville 4 - Gwinnett 1
BOTTOM OF THE 3RD
Gwinnett Braves batting - Pitching for Louisville Bats : RHP Jose Salazar
Batting: LHB John Simon 0-0: Foul Ball, location: 5SF
0-1: Swinging Strike
0-2: Foul Ball, location: 2F
0-2: Ball
1-2: Strikes out swinging
Batting: LHB Rob Swope 0-0: Ball
1-0: Ball
2-0: Foul Ball, location: 2F
2-1: Ground out 4-3 (Groundball, 4, EV 86.3 MPH)
Batting: RHB Arthur Dennis 0-0: Ball
1-0: Called Strike
1-1: Ball
2-1: Foul Ball, location: 9LDF
2-2: Foul Ball, location: 7LMFF
2-2: Strikes out looking
Bottom of the 3rd over - 0 runs, 0 hits, 0 errors, 0 left on base; Louisville 4 - Gwinnett 1
TOP OF THE 4TH
Louisville Bats batting - Pitching for Gwinnett Braves : RHP Bill Massey
Batting: LHB Edwin Longoria 0-0: Called Strike
0-1: Swinging Strike
0-2: Foul Ball, location: 5FF
0-2: Ball
1-2: Ball
2-2: Ball
3-2: Strikes out swinging
Batting: RHB Rich Bruce 0-0: Foul Ball, location: 3F
0-1: Ball
1-1: Fly out, F9 (Flyball, 9D, EV 93.1 MPH)
Batting: RHB Gerardo Machado 0-0: Ground out 6-3 (Groundball, 56, EV 103.8 MPH)
Top of the 4th over - 0 runs, 0 hits, 0 errors, 0 left on base; Louisville 4 - Gwinnett 1
BOTTOM OF THE 4TH
Gwinnett Braves batting - Pitching for Louisville Bats : RHP Jose Salazar
Batting: LHB Casey Faler 0-0: Foul Ball, location: 2LF
0-1: Ground out 5-3 (Groundball, 56, EV 94.4 MPH)
Batting: LHB Josh Burrowes 0-0: Fly out, F8 (Flyball, 8LXD, EV 110.0 MPH)
Batting: RHB Jorge Figueira 0-0: Fly out, F7 (Line Drive, 78S, EV 103.8 MPH)
Bottom of the 4th over - 0 runs, 0 hits, 0 errors, 0 left on base; Louisville 4 - Gwinnett 1
TOP OF THE 5TH
Louisville Bats batting - Pitching for Gwinnett Braves : RHP Bill Massey
Batting: RHB Josh Simms 0-0: Foul Ball, location: 3F
0-1: Ball
1-1: SOLO HOME RUN (Flyball, 89XD, EV 101.3 MPH), Distance : 386 ft
Batting: RHB Ed Pride 0-0: Ball
1-0: Ball
2-0: SINGLE (Line Drive, 6MD, EV 96.9 MPH)
Batting: LHB Nelson Valencia 0-0: Ball
1-0: Foul Ball, location: 7LDF
1-1: Called Strike
1-2: Ball
2-2: Foul Ball, location: 5SF
2-2: Foul Ball, location: 2F
2-2: Foul Ball, location: 5F
2-2: Ball
3-2: SINGLE (Line Drive, 6D, EV 95.6 MPH)
Ed Pride to second
Batting: LHB John Small 0-0: Grounds out, U3 (Groundball, 3L, EV 86.9 MPH)
Ed Pride to third
Batting: RHB Archie Woodford 0-0: Called Strike
0-1: Ground out U3 (Groundball, 3L, EV 88.8 MPH)
Batting: RHB Preston Phillips 0-0: Ball
1-0: Ball
2-0: Foul Ball, location: 5DF
2-1: Ball
3-1: Ground out 4-3 (Groundball, 4M, EV 91.3 MPH)
Top of the 5th over - 1 run, 3 hits, 0 errors, 2 left on base; Louisville 5 - Gwinnett 1
BOTTOM OF THE 5TH
Gwinnett Braves batting - Pitching for Louisville Bats : RHP Jose Salazar
Batting: RHB Lenny Murdoch 0-0: Foul Ball, location: 2F
0-1: Foul Ball, location: 2F
0-2: Ball
1-2: Foul Ball, location: 2F
1-2: Ball
2-2: Strikes out swinging
Batting: RHB Tim Grabowski 0-0: Ball
1-0: Ball
2-0: Ball
3-0: Base on Balls
Batting: RHB Dave Foley 0-0: Called Strike
0-1: Ball
1-1: Ball
2-1: Foul Ball, location: 23FF
2-2: Foul Ball, location: 5F
2-2: Foul Ball, location: 2F
2-2: Strikes out swinging
Batting: LHB John Simon 0-0: Ball
1-0: Fly out, F9 (Flyball, 9D, EV 106.3 MPH)
Bottom of the 5th over - 0 runs, 0 hits, 0 errors, 1 left on base; Louisville 5 - Gwinnett 1
TOP OF THE 6TH
Louisville Bats batting - Pitching for Gwinnett Braves : RHP Bill Massey
Batting: LHB Edwin Longoria 0-0: Called Strike
0-1: Ball
1-1: SINGLE (Line Drive, 34D, EV 98.1 MPH)
Batting: RHB Rich Bruce 0-0: Ball
1-0: Ball
2-0: Called Strike
2-1: Ball
3-1: Base on Balls
Edwin Longoria to second
Pitching: RHP Daniel Brown
Batting: RHB Gerardo Machado 0-0: Swinging Strike
0-1: Foul Ball, location: 7LMF
0-2: Ball
1-2: Fly out, F7 (Flyball, 7LM, EV 101.3 MPH)
Batting: RHB Josh Simms 0-0: Foul Ball, location: 2F
0-1: Called Strike
0-2: Ball
1-2: Ball
2-2: Fielders Choice at 2nd, 4-6 (Groundball, 4, EV 105.6 MPH)
Edwin Longoria to third
Batting: RHB Ed Pride 0-0: Called Strike
0-1: Fly out, F8 (Flyball, 8LD, EV 100.0 MPH)
Top of the 6th over - 0 runs, 1 hit, 0 errors, 2 left on base; Louisville 5 - Gwinnett 1
BOTTOM OF THE 6TH
Gwinnett Braves batting - Pitching for Louisville Bats : RHP Jose Salazar
Batting: LHB Rob Swope 0-0: Ball
1-0: Ball
2-0: Ball
3-0: Called Strike
3-1: Foul Ball, location: 2F
3-2: Foul Ball, location: 7LSFF
3-2: Base on Balls
Batting: RHB Arthur Dennis 0-0: Ball
Rob Swope steals 2nd base
1-0: Called Strike
1-1: Foul Ball, location: 3DF
1-2: Ball
2-2: Ball
Wild Pitch!
Rob Swope to third
3-2: Fly out, F8 (Line Drive, 8LD, EV 99.4 MPH)
Runner from 3rd tags up, SCORES, no throw by CF
Batting: LHB Casey Faler 0-0: Ball
1-0: SINGLE (Line Drive, 3D, EV 95.0 MPH)
Batting: LHB Josh Burrowes 0-0: Swinging Strike
0-1: Ball
1-1: Ball
2-1: Swinging Strike
2-2: SINGLE (Line Drive, 9S, EV 89.4 MPH)
Casey Faler to second
Batting: RHB Jorge Figueira 0-0: Called Strike
0-1: Ball
1-1: Foul Ball, location: 2F
1-2: Strikes out looking
Batting: RHB Lenny Murdoch 0-0: SINGLE (Line Drive, 78S, EV 96.9 MPH)
Casey Faler to third
Josh Burrowes to second
Runner from 3rd tries for Home, SAFE, throw by LF to home
Batting: RHB Tim Grabowski 0-0: Called Strike
0-1: Ball
1-1: Foul Ball, location: 7LSF
1-2: Foul Ball, location: 2F
1-2: Ball
2-2: Foul Ball, location: 25F
2-2: Ball
3-2: Foul Ball, location: 2F
3-2: Foul Ball, location: 23F
3-2: Foul Ball, location: 2LF
3-2: SINGLE (Groundball, 6M, EV 65.6 MPH) (infield hit)
Josh Burrowes to third
Lenny Murdoch to second
Batting: RHB Dave Foley 0-0: Called Strike
0-1: Ball
1-1: Ball
2-1: Foul Ball, location: 2F
2-2: Strikes out swinging
Bottom of the 6th over - 2 runs, 4 hits, 0 errors, 3 left on base; Louisville 5 - Gwinnett 3
TOP OF THE 7TH
Louisville Bats batting - Pitching for Gwinnett Braves : RHP Daniel Brown
Batting: LHB Nelson Valencia 0-0: Ball
1-0: Ball
2-0: Foul Ball, location: 9LMFF
2-1: Ball
3-1: Called Strike
3-2: Foul Ball, location: 2F
3-2: Ground out 4-3 (Groundball, 4, EV 90.6 MPH)
Batting: LHB John Small 0-0: Foul Ball, location: 3F
0-1: Ball
1-1: Ball
2-1: Fly out, F2 (Popup, 5SF, EV 86.3 MPH)
Batting: RHB Archie Woodford 0-0: Called Strike
0-1: Ball
1-1: Swinging Strike
1-2: Foul Ball, location: 7LSF
1-2: Ground out 4-3 (Groundball, 4S, EV 80.6 MPH)
Top of the 7th over - 0 runs, 0 hits, 0 errors, 0 left on base; Louisville 5 - Gwinnett 3
BOTTOM OF THE 7TH
Gwinnett Braves batting - Pitching for Louisville Bats : RHP Jose Salazar
Batting: LHB John Simon 0-0: Called Strike
0-1: Ball
1-1: Ball
2-1: Ball
3-1: Base on Balls
Batting: LHB Rob Swope 0-0: Called Strike
0-1: Ball
1-1: Fly out, F9 (Flyball, 9D, EV 87.5 MPH)
Batting: RHB Arthur Dennis 0-0: Ball
1-0: SINGLE (Groundball, 56D, EV 101.3 MPH)
John Simon to second
Pitching: RHP Sandy Encarnacion
Batting: LHB Casey Faler 0-0: Called Strike
0-1: Foul Ball, location: 5FF
0-2: Ball
1-2: Strikes out looking
Batting: LHB Josh Burrowes 0-0: Ball
1-0: Swinging Strike
1-1: Ball
2-1: Ball
3-1: Foul Ball, location: 5F
3-2: Foul Ball, location: 7LSF
3-2: Foul Ball, location: 3F
3-2: Base on Balls
John Simon to third
Arthur Dennis to second
Batting: RHB Jorge Figueira 0-0: Ball
1-0: Ball
2-0: Ball
3-0: Base on Balls
John Simon scores
Arthur Dennis to third
Josh Burrowes to second
Batting: RHB Lenny Murdoch 0-0: Called Strike
0-1: Ball
1-1: Foul Ball, location: 9LMF
1-2: Ball
2-2: SINGLE (Line Drive, 9LS, EV 101.3 MPH)
Arthur Dennis scores
Josh Burrowes to third
Jorge Figueira to second
Runner from 3rd tries for Home, SAFE, throw by RF to home
Batting: RHB Tim Grabowski 0-0: Fielders Choice at 2nd, U4 (Groundball, 4M, EV 86.3 MPH)
Bottom of the 7th over - 3 runs, 2 hits, 0 errors, 2 left on base; Louisville 5 - Gwinnett 6
TOP OF THE 8TH
Louisville Bats batting - Pitching for Gwinnett Braves : RHP Daniel Brown
Pitching: LHP Danny Lowery
Batting: RHB Preston Phillips 0-0: Ball
1-0: Foul Ball, location: 7LSFF
1-1: Ball
2-1: Ball
3-1: DOUBLE (Line Drive, 7LM, EV 94.4 MPH)
Batting: LHB Edwin Longoria 0-0: Called Strike
0-1: Swinging Strike
0-2: Strikes out looking
Batting: RHB Rich Bruce 0-0: Ball
1-0: Foul Ball, location: 7LSF
1-1: Swinging Strike
1-2: Foul Ball, location: 2F
1-2: Ball
2-2: SINGLE (Groundball, 4MD, EV 104.4 MPH)
Preston Phillips to third
Runner from 3rd tries for Home, SAFE, throw by CF to home
Batting: RHB Gerardo Machado 0-0: Ball
1-0: Swinging Strike
1-1: Ball
2-1: SINGLE (Groundball, 6S, EV 65.0 MPH) (infield hit)
Rich Bruce to second
Batting: RHB Josh Simms 0-0: Ball
1-0: Called Strike
1-1: Ball
2-1: Ball
Wild Pitch!
Rich Bruce to third
Gerardo Machado to second
3-1: Intentional Walk
Batting: RHB Ed Pride 0-0: Called Strike
0-1: Ball
1-1: Ball
2-1: Swinging Strike
2-2: Fly out, F8 (Flyball, 8LD, EV 93.1 MPH)
Runner from 3rd tags up, SCORES, throw by CF
Batting: LHB Nelson Valencia 0-0: Swinging Strike
0-1: Ball
1-1: Called Strike
1-2: Ball
2-2: Ground out 4-3 (Groundball, 4, EV 85.6 MPH)
Top of the 8th over - 2 runs, 3 hits, 0 errors, 2 left on base; Louisville 7 - Gwinnett 6
BOTTOM OF THE 8TH
Gwinnett Braves batting - Pitching for Louisville Bats : RHP Sandy Encarnacion
Now at 2B: Dallas Miles
Pinch Hitting: LHB Ramon Hernandez 0-0: Ball
1-0: Ball
2-0: Ball
3-0: Called Strike
3-1: Called Strike
3-2: Ground out 4-3 (Groundball, 4, EV 105.0 MPH)
Batting: LHB John Simon 0-0: Ball
1-0: Ball
2-0: Called Strike
2-1: Ground out 6-3 (Groundball, 56S, EV 82.5 MPH)
Batting: LHB Rob Swope 0-0: Swinging Strike
0-1: Ball
1-1: Called Strike
1-2: Strikes out swinging
Bottom of the 8th over - 0 runs, 0 hits, 0 errors, 0 left on base; Louisville 7 - Gwinnett 6
TOP OF THE 9TH
Louisville Bats batting - Pitching for Gwinnett Braves : LHP Danny Lowery
Pitching: RHP Fred Noffsinger
Now at 2B: Joe Henkels
Batting: LHB John Small 0-0: Fly out, F7 (Flyball, 78D, EV 79.4 MPH)
Batting: RHB Archie Woodford 0-0: Ball
1-0: Called Strike
1-1: Swinging Strike
1-2: Ground out 6-3 (Groundball, 6, EV 91.9 MPH)
Batting: RHB Preston Phillips 0-0: Ball
1-0: Fly out, F7 (Flyball, 7S, EV 79.4 MPH)
Top of the 9th over - 0 runs, 0 hits, 0 errors, 0 left on base; Louisville 7 - Gwinnett 6
BOTTOM OF THE 9TH
Gwinnett Braves batting - Pitching for Louisville Bats : RHP Sandy Encarnacion
Batting: RHB Arthur Dennis 0-0: Foul Ball, location: 9LSF
0-1: Foul Ball, location: 2F
0-2: Foul Ball, location: 2F
0-2: Foul Ball, location: 23FF
0-2: Ball
1-2: Strikes out swinging
Batting: LHB Casey Faler 0-0: Called Strike
0-1: Ball
1-1: Ground out 1-3 (Groundball, 13S, EV 76.3 MPH)
Batting: LHB Josh Burrowes 0-0: Ball
1-0: Ball
2-0: Called Strike
2-1: Ball
3-1: SINGLE (Line Drive, 89M, EV 84.4 MPH)
Pitching: RHP Andy Maine
Batting: RHB Jorge Figueira 0-0: Called Strike
0-1: Ball
1-1: Ball
2-1: Foul Ball, location: 23F
2-2: Foul Ball, location: 7LSF
2-2: SINGLE (Line Drive, 89S, EV 91.3 MPH)
Josh Burrowes to second
Runner from 2nd tries for 3rd, SAFE, throw by RF made to third
Batting: RHB Lenny Murdoch 0-0: Ball
1-0: Ball
2-0: Ground out U3 (Groundball, 34, EV 90.6 MPH)
Bottom of the 9th over - 0 runs, 2 hits, 0 errors, 2 left on base; Louisville 7 - Gwinnett 6
Monday, May 13th , 2024 - OOTP Baseball 24.11 Build 85